3L
PITTSBURGH KINGFISHERS @ SEATTLE ROCKETEERS
07/12/2042
 
TOP OF THE 1ST
Pittsburgh Kingfishers batting - Pitching for Seattle Rocketeers : LHP Dave O'Neil
Pitching: LHP Dave O'Neil
Batting: LHB Naganori Inoue 0-0: Called Strike
0-1: Called Strike
0-2: Ground out U3 (Groundball, 34, EV 110.0 MPH)
Batting: RHB Kjartan Einarsson 0-0: Ball
1-0: Fly out, F7 (Flyball, 7LSF, EV 87.5 MPH)
Batting: RHB Krystof Melichar 0-0: Ball
1-0: Ball
2-0: Foul Ball, location: 2F
2-1: Ball
3-1: SOLO HOME RUN (Line Drive, 7D, EV 97.5 MPH), Distance : 358 ft
Batting: LHB Rafael Abasto 0-0: Called Strike
0-1: Foul Ball, location: 2F
0-2: Fly out, F7 (Flyball, 7S, EV 76.2 MPH)
Top of the 1st over - 1 run, 1 hit, 0 errors, 0 left on base; Pittsburgh 1 - Seattle 0
BOTTOM OF THE 1ST
Seattle Rocketeers batting - Pitching for Pittsburgh Kingfishers : RHP Sjoerd Reynoud
Pitching: RHP Sjoerd Reynoud
Batting: SHB Lodd Felton 0-0: Called Strike
0-1: Bunt for hit to P - play at first, batter safe!
Batting: RHB Jur Prokop 0-0: Called Strike
Lodd Felton steals 2nd base
0-1: Foul Ball, location: 2F
0-2: Fly out, F9 (Flyball, 9, EV 88.1 MPH)
Batting: RHB Jason Slaybaugh 0-0: Ball
Lodd Felton steals 3rd base
1-0: Ball
2-0: Called Strike
2-1: Foul Ball, location: 2F
2-2: Strikes out swinging
Batting: RHB Gah-fat Liu 0-0: Called Strike
0-1: Ground out 3-1 (Groundball, 34, EV 87.5 MPH)
Bottom of the 1st over - 0 runs, 1 hit, 0 errors, 1 left on base; Pittsburgh 1 - Seattle 0
TOP OF THE 2ND
Pittsburgh Kingfishers batting - Pitching for Seattle Rocketeers : LHP Dave O'Neil
Batting: LHB Danny Trautmann 0-0: Ball
1-0: Ball
2-0: Ball
3-0: Base on Balls
Batting: SHB Yeow-whye Zhu 0-0: Grounds into double play, 5-4-3 (Groundball, 56, EV 107.5 MPH)
Batting: RHB Rob Brooks 0-0: Ball
1-0: Ball
2-0: Ball
3-0: Called Strike
3-1: Fly out, F6 (Popup, 6, EV 59.4 MPH)
Top of the 2nd over - 0 runs, 0 hits, 0 errors, 0 left on base; Pittsburgh 1 - Seattle 0
BOTTOM OF THE 2ND
Seattle Rocketeers batting - Pitching for Pittsburgh Kingfishers : RHP Sjoerd Reynoud
Batting: SHB Yasuhiko Onishi 0-0: Foul Ball, location: 2F
0-1: Swinging Strike
0-2: Strikes out looking
Batting: RHB Mathew Mayo 0-0: Swinging Strike
0-1: Fly out, F4 (Line Drive, 4, EV 66.9 MPH)
Batting: RHB Yakamochi Ota 0-0: Foul Ball, location: 2F
0-1: Called Strike
0-2: Foul Ball, location: 2F
0-2: Foul Ball, location: 2F
0-2: Ball
1-2: Ball
2-2: Foul Ball, location: 2F
2-2: Fly out, F9 (Line Drive, 9, EV 88.1 MPH)
Bottom of the 2nd over - 0 runs, 0 hits, 0 errors, 0 left on base; Pittsburgh 1 - Seattle 0
TOP OF THE 3RD
Pittsburgh Kingfishers batting - Pitching for Seattle Rocketeers : LHP Dave O'Neil
Batting: RHB Loring Rommel 0-0: SOLO HOME RUN (Flyball, 9D, EV 96.9 MPH), Distance : 335 ft
Batting: RHB Junior Young 0-0: Foul Ball, location: 2F
0-1: Foul Ball, location: 2F
0-2: Ball
1-2: Ball
2-2: Foul Ball, location: 2F
2-2: Ball
3-2: Foul Ball, location: 2F
3-2: SINGLE (Line Drive, 7S, EV 105.6 MPH)
Batting: LHB Naganori Inoue 0-0: Hit by Pitch
Junior Young to second
Batting: RHB Kjartan Einarsson 0-0: Ball
1-0: Ball
2-0: Fly out, F8 (Flyball, 8RM, EV 85.6 MPH)
Batting: RHB Krystof Melichar 0-0: Fly out, F8 (Line Drive, 8RM, EV 87.5 MPH)
Batting: LHB Rafael Abasto 0-0: Ball
1-0: Called Strike
1-1: Fly out, F8 (Flyball, 8RXD, EV 97.5 MPH)
Top of the 3rd over - 1 run, 2 hits, 0 errors, 2 left on base; Pittsburgh 2 - Seattle 0
BOTTOM OF THE 3RD
Seattle Rocketeers batting - Pitching for Pittsburgh Kingfishers : RHP Sjoerd Reynoud
Batting: RHB Guy Toussaint 0-0: Called Strike
0-1: Ground out 4-3 (Groundball, 3D, EV 100.0 MPH)
Batting: RHB Axel Ruschmeyer 0-0: Ball
1-0: SINGLE (Groundball, 4, EV 85.0 MPH) (infield hit)
Batting: SHB Lodd Felton Pickoff Throw to First - Out! 1-3
0-0: Ball
1-0: Foul Ball, location: 2F
1-1: Foul Ball, location: 2F
1-2: Ground out 5-3 (Groundball, 56, EV 98.1 MPH)
Bottom of the 3rd over - 0 runs, 1 hit, 0 errors, 0 left on base; Pittsburgh 2 - Seattle 0
TOP OF THE 4TH
Pittsburgh Kingfishers batting - Pitching for Seattle Rocketeers : LHP Dave O'Neil
Batting: LHB Danny Trautmann 0-0: SINGLE (Line Drive, 7S, EV 97.5 MPH)
Batting: SHB Yeow-whye Zhu 0-0: Called Strike
0-1: Grounds into double play, 6-4-3 (Groundball, 6, EV 100.0 MPH)
Batting: RHB Rob Brooks 0-0: SINGLE (Groundball, 6, EV 88.1 MPH) (infield hit)
Batting: RHB Loring Rommel 0-0: Called Strike
0-1: SINGLE (Line Drive, 9LS, EV 88.8 MPH)
Rob Brooks to second
Runner from 2nd tries for 3rd, SAFE, no throw by RF
Batting: RHB Junior Young 0-0: Ball
1-0: Ball
2-0: Swinging Strike
2-1: Ball
3-1: Foul Ball, location: 2F
3-2: Fly out, F9 (Flyball, 9LS, EV 83.8 MPH)
Top of the 4th over - 0 runs, 3 hits, 0 errors, 2 left on base; Pittsburgh 2 - Seattle 0
BOTTOM OF THE 4TH
Seattle Rocketeers batting - Pitching for Pittsburgh Kingfishers : RHP Sjoerd Reynoud
Batting: RHB Jur Prokop 0-0: Ball
1-0: Called Strike
1-1: Fly out, F9 (Flyball, 9, EV 75.6 MPH)
Batting: RHB Jason Slaybaugh 0-0: Fly out, F9 (Flyball, 9LD, EV 101.9 MPH)
Batting: RHB Gah-fat Liu 0-0: Called Strike
0-1: Fly out, F8 (Flyball, 8LS, EV 83.8 MPH)
Bottom of the 4th over - 0 runs, 0 hits, 0 errors, 0 left on base; Pittsburgh 2 - Seattle 0
TOP OF THE 5TH
Pittsburgh Kingfishers batting - Pitching for Seattle Rocketeers : LHP Dave O'Neil
Batting: LHB Naganori Inoue 0-0: Called Strike
0-1: Ball
1-1: Swinging Strike
1-2: Strikes out swinging
Batting: RHB Kjartan Einarsson 0-0: Foul Ball, location: 2F
0-1: Swinging Strike
0-2: Strikes out swinging
Batting: RHB Krystof Melichar 0-0: Called Strike
0-1: Ball
1-1: Swinging Strike
1-2: Foul Ball, location: 2F
1-2: Strikes out looking
Top of the 5th over - 0 runs, 0 hits, 0 errors, 0 left on base; Pittsburgh 2 - Seattle 0
BOTTOM OF THE 5TH
Seattle Rocketeers batting - Pitching for Pittsburgh Kingfishers : RHP Sjoerd Reynoud
Batting: SHB Yasuhiko Onishi 0-0: Called Strike
0-1: Ball
1-1: Foul Ball, location: 2F
1-2: Foul Ball, location: 2F
1-2: Ball
2-2: Ball
3-2: Ground out 1-3 (Groundball, 13S, EV 65.6 MPH)
Batting: RHB Mathew Mayo 0-0: Ball
1-0: Called Strike
1-1: Ball
2-1: Foul Ball, location: 2F
2-2: Foul Ball, location: 2F
2-2: Ball
3-2: Base on Balls
Batting: RHB Yakamochi Ota 0-0: Called Strike
0-1: Called Strike
0-2: Foul Ball, location: 2F
0-2: Foul Ball, location: 2F
0-2: Grounds into double play, 6-4-3 (Groundball, 6, EV 97.5 MPH)
Bottom of the 5th over - 0 runs, 0 hits, 0 errors, 0 left on base; Pittsburgh 2 - Seattle 0
TOP OF THE 6TH
Pittsburgh Kingfishers batting - Pitching for Seattle Rocketeers : LHP Dave O'Neil
Batting: LHB Rafael Abasto 0-0: Foul Ball, location: 2F
0-1: Ball
1-1: Ball
2-1: Ball
3-1: Fly out, F9 (Flyball, 9S, EV 90.6 MPH)
Batting: LHB Danny Trautmann 0-0: Ball
1-0: Ground out 6-3 (Groundball, 6, EV 108.8 MPH)
Batting: SHB Yeow-whye Zhu 0-0: Ball
1-0: Foul Ball, location: 2F
1-1: Ball
2-1: Foul Ball, location: 2F
2-2: Ball
3-2: Strikes out swinging
Top of the 6th over - 0 runs, 0 hits, 0 errors, 0 left on base; Pittsburgh 2 - Seattle 0
BOTTOM OF THE 6TH
Seattle Rocketeers batting - Pitching for Pittsburgh Kingfishers : RHP Sjoerd Reynoud
Batting: RHB Guy Toussaint 0-0: Fly out, F8 (Flyball, 8LD, EV 103.8 MPH)
Batting: RHB Axel Ruschmeyer 0-0: Called Strike
0-1: Ball
1-1: Called Strike
1-2: Ball
2-2: SINGLE (Groundball, 6D, EV 101.2 MPH)
Batting: SHB Lodd Felton 0-0: Ball
1-0: Ball
2-0: Ball
3-0: Base on Balls
Axel Ruschmeyer to second
Batting: RHB Jur Prokop 0-0: Called Strike
0-1: Ball
1-1: Ball
Axel Ruschmeyer steals 3rd base
2-1: Fly out, F9 (Flyball, 9LM, EV 92.5 MPH)
Runner from 3rd tags up, OUT at HOME! 9-2
Bottom of the 6th over - 0 runs, 1 hit, 0 errors, 1 left on base; Pittsburgh 2 - Seattle 0
TOP OF THE 7TH
Pittsburgh Kingfishers batting - Pitching for Seattle Rocketeers : LHP Dave O'Neil
Batting: RHB Rob Brooks 0-0: Ball
1-0: Called Strike
1-1: Ball
2-1: Foul Ball, location: 2F
2-2: Ball
3-2: SOLO HOME RUN (Flyball, 78XD, EV 106.9 MPH), Distance : 401 ft
Batting: RHB Loring Rommel 0-0: Called Strike
0-1: Ball
1-1: Foul Ball, location: 2F
1-2: Foul Ball, location: 2F
1-2: DOUBLE (Line Drive, 9LD, EV 106.2 MPH)
Batting: RHB Junior Young 0-0: Fly out, F9 (Flyball, 9S, EV 83.1 MPH)
Batting: LHB Naganori Inoue 0-0: Fly out, F4 (Flyball, 4D, EV 93.1 MPH)
Batting: RHB Kjartan Einarsson 0-0: Ground out 4-3 (Groundball, 4, EV 100.0 MPH)
Top of the 7th over - 1 run, 2 hits, 0 errors, 1 left on base; Pittsburgh 3 - Seattle 0
BOTTOM OF THE 7TH
Seattle Rocketeers batting - Pitching for Pittsburgh Kingfishers : RHP Sjoerd Reynoud
Batting: RHB Jason Slaybaugh 0-0: Foul Ball, location: 2F
0-1: Ball
1-1: Swinging Strike
1-2: Foul Ball, location: 2F
1-2: Strikes out looking
Batting: RHB Gah-fat Liu 0-0: Called Strike
0-1: Foul Ball, location: 2F
0-2: Ball
1-2: Ball
2-2: Ground out 5-3 (Groundball, 56, EV 89.4 MPH)
Batting: SHB Yasuhiko Onishi 0-0: Ball
1-0: Ground out 4-3 (Groundball, 34, EV 102.5 MPH)
Bottom of the 7th over - 0 runs, 0 hits, 0 errors, 0 left on base; Pittsburgh 3 - Seattle 0
TOP OF THE 8TH
Pittsburgh Kingfishers batting - Pitching for Seattle Rocketeers : LHP Dave O'Neil
Batting: RHB Krystof Melichar 0-0: Called Strike
0-1: DOUBLE (Line Drive, 89D, EV 99.4 MPH)
Batting: LHB Rafael Abasto 0-0: Ball
1-0: Swinging Strike
1-1: Ball
2-1: Foul Ball, location: 2F
2-2: Fly out, F8 (Flyball, 8LD, EV 102.5 MPH)
Batting: LHB Danny Trautmann 0-0: Intentional Walk
Batting: SHB Yeow-whye Zhu 0-0: Called Strike
0-1: Ball
Krystof Melichar steals 3rd base
1-1: Called Strike
1-2: SINGLE (Flyball, 34D, EV 90.0 MPH)
Krystof Melichar scores
Danny Trautmann to second
Pitching: LHP Hermenegildo Beliago
Batting: RHB Rob Brooks 0-0: Ball
1-0: SINGLE (Groundball, 5, EV 105.6 MPH) (infield hit)
Danny Trautmann to third
Yeow-whye Zhu to second
Batting: RHB Loring Rommel 0-0: Ball
1-0: Called Strike
1-1: Ball
2-1: Ball
3-1: Called Strike
3-2: Fly out, F7 (Flyball, 7LS, EV 85.6 MPH)
Batting: RHB Junior Young 0-0: Called Strike
0-1: Ground out U3 (Groundball, 3, EV 86.2 MPH)
Top of the 8th over - 1 run, 3 hits, 0 errors, 3 left on base; Pittsburgh 4 - Seattle 0
BOTTOM OF THE 8TH
Seattle Rocketeers batting - Pitching for Pittsburgh Kingfishers : RHP Sjoerd Reynoud
Batting: RHB Mathew Mayo 0-0: Ball
1-0: Ball
2-0: SOLO HOME RUN (Flyball, 78XD, EV 88.8 MPH), Distance : 377 ft
Batting: RHB Yakamochi Ota 0-0: Ball
1-0: Foul Ball, location: 2F
1-1: Ball
2-1: Foul Ball, location: 2F
2-2: Ball
3-2: SINGLE (Groundball, 15S, EV 62.5 MPH) (infield hit)
Batting: RHB Guy Toussaint 0-0: Foul Ball, location: 2F
0-1: Hit by Pitch
Yakamochi Ota to second
Batting: RHB Axel Ruschmeyer 0-0: Ball
1-0: Ball
2-0: Fielders Choice at 2nd, 1-4 (Groundball, P, EV 78.8 MPH)
Yakamochi Ota to third
Batting: SHB Lodd Felton 0-0: Ball
1-0: Foul Ball, location: 2F
1-1: Foul Ball, location: 2F
1-2: Fly out, F9 (Flyball, 9D, EV 101.9 MPH)
Runner from 3rd tags up, SCORES, no throw by RF
Batting: RHB Jur Prokop 0-0: Ball
1-0: Ball
2-0: Ball
3-0: Called Strike
3-1: Called Strike
3-2: Fly out, F8 (Flyball, 8RD, EV 96.2 MPH)
Bottom of the 8th over - 2 runs, 2 hits, 0 errors, 1 left on base; Pittsburgh 4 - Seattle 2
TOP OF THE 9TH
Pittsburgh Kingfishers batting - Pitching for Seattle Rocketeers : LHP Hermenegildo Beliago
Batting: LHB Naganori Inoue 0-0: Ball
1-0: Swinging Strike
1-1: Ground out 6-3 (Groundball, 6, EV 85.6 MPH)
Batting: RHB Kjartan Einarsson 0-0: Foul Ball, location: 2F
0-1: Fly out, F8 (Line Drive, 8LM, EV 97.5 MPH)
Batting: RHB Krystof Melichar 0-0: Ball
1-0: TRIPLE (Line Drive, 7D, EV 107.5 MPH)
Batting: LHB Rafael Abasto 0-0: Ball
1-0: Ball
2-0: Foul Ball, location: 2F
2-1: Foul Ball, location: 2F
2-2: Ball
3-2: Ground out 4-3 (Groundball, 4, EV 98.8 MPH)
Top of the 9th over - 0 runs, 1 hit, 0 errors, 1 left on base; Pittsburgh 4 - Seattle 2
BOTTOM OF THE 9TH
Seattle Rocketeers batting - Pitching for Pittsburgh Kingfishers : RHP Sjoerd Reynoud
Now at 1B: Adam Smith
Batting: RHB Jason Slaybaugh 0-0: Ball
1-0: Ball
2-0: Called Strike
2-1: SINGLE (Flyball, 9S, EV 91.9 MPH)
Pitching: LHP Jeffery Meyers
Batting: RHB Gah-fat Liu 0-0: Ball
1-0: SINGLE (Groundball, 6MD, EV 96.9 MPH)
Jason Slaybaugh to second
Batting: SHB Yasuhiko Onishi 0-0: Ball
1-0: Called Strike
1-1: Foul Ball, location: 2F
1-2: Strikes out swinging
Batting: RHB Mathew Mayo 0-0: Ball
1-0: Ball
2-0: Foul Ball, location: 2F
2-1: SINGLE (Line Drive, 7S, EV 88.8 MPH)
Jason Slaybaugh to third
Gah-fat Liu to second
Batting: RHB Yakamochi Ota 0-0: Ball
1-0: Ball
2-0: SINGLE (Groundball, 56D, EV 98.1 MPH)
Jason Slaybaugh scores
Gah-fat Liu to third
Mathew Mayo to second
Batting: RHB Guy Toussaint 0-0: Ball
1-0: Foul Ball, location: 2F
1-1: Foul Ball, location: 2F
1-2: Ball
2-2: SINGLE (Groundball, 56, EV 96.2 MPH)
Gah-fat Liu scores
Mathew Mayo to third
Yakamochi Ota to second
Runner from 3rd tries for Home, SAFE, throw by LF to home
Friday, March 26th, 2021 - OOTP Baseball 20.8 Build 74